 Dungeon Crawl Stone Soup version 0.31.0-32-g396128a36d (webtiles) character file.

Game seed: 3778158051838360771

49 spaghetti the Trooper (level 3, 0/54 HPs)
             Began as a Naga Berserker on Apr 11, 2024.
             Was a Follower of Trog.
             Slain by a quokka (5 damage)
             ... on level 2 of the Dungeon.
             The game lasted 00:01:46 (1774 turns).

spaghetti the Trooper (Naga Berserker)              Turns: 1774, Time: 00:01:46

Health: 0/54       AC:  2    Str: 19    XL:     3   Next: 77%
Magic:  3/3        EV: 10    Int:  7    God:    Trog [*.....]
Gold:   131        SH:  0    Dex: 12    Spells: 2/2 levels left

rFire   . . .        a - +1 falchion
rCold   . . .        (no shield)
rNeg    . . .        b - +0 animal skin
rPois   +            (no helmet)
rElec   .            (no cloak)
rCorr   .            (no gloves)
SInv    +            (no barding)
Will    ++...        (no amulet) Stlth
                     (no ring)
HPRegen 1.29/turn    (no ring)
MPRegen 0.08/turn

%: no passive effects
@: berserking, strong-willed, regenerating, quick
A: AC +1, large, see invisible, deformed body, poison resistance, slowness 2,
spit poison 1, naga tail 1
a: Spit Poison, Renounce Religion, Berserk


You were on level 2 of the Dungeon.
You worshipped Trog.
Trog was aware of your devotion.
You visited 1 branch of the dungeon, and saw 3 of its levels.

You collected 131 gold pieces.

Inventory:

Hand Weapons
 a - a +1 falchion (weapon)
 i - a +0 antimagic sling
Missiles
 e - 6 boomerangs
 f - 4 poisoned darts
Armour
 b - a +0 animal skin (worn)
Scrolls
 c - a scroll of immolation
 d - a scroll of identify
Potions
 g - a potion of curing
 h - 2 potions of heal wounds {unknown}
 j - a potion of invisibility {unknown}


   Skills:
 + Level 3.8 Fighting
 - Level 3.0 Long Blades
 - Level 1.5 Armour
 + Level 2.5 Dodging


You had 2 spell levels left.
You didn't know any spells.
Your spell library was empty.

Dungeon Overview and Level Annotations

Branches:
Dungeon (3/15)

Altars:


Innate Abilities, Weirdness & Mutations

Your serpentine skin is tough. (AC +1)
You have supernaturally acute eyesight. (SInv)
Armour fits poorly on your strangely shaped body.
Your system is resistant to poisons. (rPois)
You cover ground very slowly.
You can spit poison.
You have a snake-like lower body.


Message History

The ball python attacks as it pursues you!
The ball python closely misses you.
An adder comes into view.
The quokka attacks as it pursues you! The quokka barely misses you.
The quokka closely misses you. The ball python bites you.
The goblin attacks as it pursues you! The goblin hits you with a +0 club. x2
* * * LOW HITPOINT WARNING * * *
The quokka barely misses you. The ball python bites you.
* * * LOW HITPOINT WARNING * * *
There is a stone staircase leading up here.
The quokka bites you.
* * * LOW HITPOINT WARNING * * *
The goblin hits you with a +0 club.
* * * LOW HITPOINT WARNING * * *
The ball python closely misses you.
You climb upwards.
There is a stone staircase leading down here.
Unknown command.
Unknown command.
Your skin crawls.
You feel strong-willed.
The quokka bites you but does no damage.
The ball python bites you.
* * * LOW HITPOINT WARNING * * *
The goblin hits you but does no damage.
A red film seems to cover your vision as you go berserk!
You feel yourself moving faster!
You feel mighty!
You can no longer call upon Trog for regeneration and willpower.
The quokka barely misses you. The ball python bites you.
* * * LOW HITPOINT WARNING * * *
The goblin hits you with a +0 club.
* * * LOW HITPOINT WARNING * * *
You barely miss the goblin.
The quokka bites you but does no damage.
The ball python bites you.
* * * LOW HITPOINT WARNING * * *
The goblin hits you with a +0 club.
* * * LOW HITPOINT WARNING * * *
You barely miss the goblin. The ball python misses you. The quokka bites you.
You die...

###### ##..... ##..####
#..##### #########
###.###... ####...#...##
#...##..#.
#...........####.##...##.
##...##.g.........##.#####
#8...8#..@....#####..# #
### ####...##..rS...#
#..## ###
##8###⌠##...##......##
#.## #..
#....(......##.#...##
#>#####.#
8...........8#######
#.#.#.#.# #...........##
##........ #...##⌠###8##
#..#.##'## #...########
##....#...# 8...8# ##.#
####..##.+...'


You could see a quokka, a goblin and a ball python.

Vanquished Creatures
  A dart slug (D:1)
  A ribbon worm (D:2)
  6 ball pythons
  3 endoplasms
  2 giant cockroaches
  A goblin (D:2)
  4 hobgoblins
  7 jackals (D:2)
  3 quokkas
  4 bats
  2 frilled lizards (D:1)
  4 kobolds (D:1)
  A rat (D:2)
39 creatures vanquished.

Notes
Turn   | Place    | Note
-------+----------+-------------------------------------------
     0 | D:1      | spaghetti the Naga Berserker began the quest for the Orb.
     0 | D:1      | Reached XP level 1. HP: 21/21 MP: 1/1
   408 | D:1      | Reached XP level 2. HP: 27/28 MP: 2/2
   860 | D:2      | Reached XP level 3. HP: 31/34 MP: 3/3
  1522 | D:2      | Reached ** piety under Trog
  1774 | D:2      | Slain by a quokka

Illustrated notes

Levels and vault maps discovered:
D:1:      psy_arrival_fountain, layout_basic
D:2:      layout_rooms, serial_corexii_hall, chequers_hall_statues_wall_a,
          chequers_hall_statues_corner_a, corexii_hall_statues_l,
          corexii_hall_statues_i, corexii_hall_statues_s,
          corexii_hall_statues_l, minmay_misc_feat_doors,
          kennysheep_generic_room_4
D:3:      layout_rooms, general_overflow_altar, ebering_dispersal_statue_hall,
          chequers_jeans, uniq_natasha, uniq_crazy_yiuf_cottage

Skill      XL: |  1  2 |
---------------+-------+-----
Dodging        | 2 |  2.5
Fighting       | |  3.8
Long Blades    | |  3.0
Armour         | |  1.5

Action                     || total
---------------------------++-------
  Melee: Falchion          ||   138
         Punch             ||     1
 Invoke: Berserk           ||     1
         Trog's Hand       ||     1
    Use: Potion            ||     3
         Scroll            ||     4
   Stab: Sleeping          ||     3
 Armour: Animal skin       ||   125
  Dodge: Dodged            ||   104
